 Dungeon Crawl Stone Soup version 0.17-a0-2027-gcac42c4 (webtiles) character file.

15005 Ijustatesigmund the Timeless (level 12, -3/77 HPs)
             Began as an Octopode Transmuter on Oct 10, 2015.
             Was a High Priest of Cheibriados.
             Slain by a freezing wraith (16 damage)
             ... on level 9 of the Dungeon.
             The game lasted 01:12:05 (13579 turns).

Ijustatesigmund the Timeless (Octopode Transmuter) Turns: 13579, Time: 01:12:05

Health: -3/77      AC:  1    Str: 26    XL:     12   Next: 22%
Magic:  19/19      EV: 22    Int: 33    God:    Cheibriados [*****.]
Gold:   951        SH:  0    Dex: 34    Spells: 4 memorised, 8 levels left

rFire  . . .     SeeInvis .     o - +9 hunting sling of Zyuc {venom, rPois Str+3}
rCold  . . .     Clarity  .     (no shield)
rNeg   + . .     SustAt   .     (helmet restricted)
rPois  +         Gourm    .     (no amulet)
rElec  .         Spirit   .     a - ring of the Cicada {+Fly rN+}
rCorr  .         Warding  .     t - +5 ring of dexterity
rMut   .         Stasis   .     J - ring "Loekhli" {*Confuse rPois Dex+4 Stlth+}
MR     .....                    (no ring)
Stlth  ++++++++..               (no ring)
                                (no ring)
                                (no ring)
                                (no ring)

@: very slow, not resistant to hostile enchantments, extraordinarily stealthy
A: almost no armour, amphibious, 8 rings, constrict 8, camouflage 1, gelatinous
body 1
a: Bend Time, Temporal Distortion, Slouch, Step From Time, Renounce Religion,
Evoke Flight


You were on level 9 of the Dungeon.
You worshipped Cheibriados.
Cheibriados was extremely pleased with you.
You were not hungry.

You visited 2 branches of the dungeon, and saw 11 of its levels.

You collected 1056 gold pieces.
You spent 105 gold pieces at shops.

Inventory:

Hand Weapons
 d - a +1 short sword
 j - a +1 dagger of flaming
 o - the +9 hunting sling of Zyuc (weapon) {venom, rPois Str+3}
   (You found it on level 5 of the Dungeon)

   It poisons the ammo it fires.
   It affects your strength (+3).
   It protects you from poison.
Missiles
 q - 23 arrows of frost
 r - 9 arrows of flame
 u - 63 sling bullets (quivered)
 A - 112 arrows
 B - 147 stones
 E - 8 javelins of penetration
Jewellery
 a - the ring of the Cicada (left tentacle) {+Fly rN+}
   (You found it on level 6 of the Dungeon)

   [ring of positive energy]

   It protects you from negative energy.
   It lets you fly.
 m - an uncursed ring of fire
 p - an uncursed ring of ice
 t - a +5 ring of dexterity (right tentacle)
 H - an uncursed ring of fire
 J - the ring "Loekhli" (on tentacle) {*Confuse rPois Dex+4 Stlth+}
   (You found it on level 1 of the Lair of Beasts)

   [ring of dexterity]

   It affects your dexterity (+4).
   It protects you from poison.
   It may confuse you when you take damage.
   It makes you more stealthy.
Wands
 k - a wand of slowing (26)
 y - a wand of teleportation (5)
 F - a wand of paralysis (17)
 I - a wand of slowing (22)
Scrolls
 i - 4 scrolls of remove curse
 v - 3 scrolls of identify
Potions
 e - 2 potions of might
 g - 2 potions of cure mutation
 h - a potion of ambrosia
 l - a potion of agility
 n - 2 potions of flight
 x - 3 potions of cancellation
 D - a potion of resistance
Books
 b - a book of Changes

   Spells                             Type                      Level
   a - Beastly Appendage              Transmutation                1
   b - Sticks to Snakes               Transmutation                2
   c - Spider Form                    Transmutation/Poison         3
   d - Ice Form                       Ice/Transmutation            4
   e - Blade Hands                    Transmutation                5
 w - the Tome of the Escort
   (You found it on level 5 of the Dungeon)

   Spells                             Type                      Level
   a - Summon Small Mammal            Summoning                    1
   b - Summon Mana Viper              Hexes/Summoning              5
   c - Aura of Abjuration             Summoning                    5
Miscellaneous
 C - a crystal ball of energy
Comestibles
 c - 6 bread rations
 f - 5 meat rations


   Skills:
 - Level 5.1 Fighting
 - Level 2.4 Short Blades
 + Level 9.4 Slings
 + Level 7.5 Dodging
 - Level 9.4 Stealth
 - Level 3.0 Unarmed Combat
 - Level 4.1 Spellcasting
 - Level 6.8 Transmutations
 - Level 4.0 Poison Magic
 - Level 10.0 Invocations
 + Level 2.7 Evocations


You had 8 spell levels left.
You knew the following spells:

 Your Spells              Type           Power        Failure   Level  Hunger
a - Beastly Appendage     Trmt           ######       1%          1    None
b - Sticks to Snakes      Trmt           ######....   1%          2    None
c - Spider Form           Trmt/Pois      #####.....   1%          3    #......
d - Blade Hands           Trmt           ######....   12%         5    #####..


Dungeon Overview and Level Annotations

Branches:
Dungeon (10/15)            Temple (0/1) D:5            Lair (1/8) D:8
    Orc (0/4) D:9

Altars:
Ashenzari
Cheibriados
Dithmenos
Elyvilon
Kikubaaqudgha
Makhleb
Nemelex Xobeh
Okawaru
Ru
Trog
Vehumet
Xom
Jiyva

Shops:
D:5 *   D:10 *


Innate Abilities, Weirdness & Mutations

You cannot wear most types of armour.
You are amphibious.
You can wear up to eight rings at the same time.
You can use your tentacles to constrict eight enemies at once.
Your skin changes colour to match your surroundings (Stealth).
Your rubbery body absorbs attacks (AC +1).


Message History

You shoot a steel sling bullet.
The steel sling bullet hits the freezing wraith!
The freezing wraith is heavily damaged.
Firing (i - inventory. (,) - cycle):
u - 65 sling bullets (quivered)
Press: ? - help, Shift-Dir - straight line, f/p - freezing wraith
Aim: a freezing wraith (heavily damaged)
You shoot a sling bullet.
The sling bullet hits the freezing wraith!
The freezing wraith is severely damaged.
The freezing wraith hits you. The freezing wraith freezes you!!
The freezing wraith misses you.
Firing (i - inventory. (,) - cycle):
u - 64 sling bullets (quivered)
Press: ? - help, Shift-Dir - straight line, f/p - freezing wraith
Aim: a freezing wraith (severely damaged)
You shoot a sling bullet.
The sling bullet barely misses the freezing wraith.
The freezing wraith hits you!
* * * LOW HITPOINT WARNING * * *
The freezing wraith freezes you!
You die...

.##.##(...#.........#....# #.#
.##.##....#.........#.)..# #.#
.##.##.(..#.........#†...# #.#
....##....###########))..# #.#
..####....)....#....'....# #.#
..# #....#[.⌠.#....#....# #.#
..####....#.⌠..#....#....######.#
.....#....#....#....#...8#......#
..############'#@#############..#
#.###.###.#....#W...# #..#
#.##......#....#....# #..#
#...†.....#....#....##########..#
......###.#>...#(..>#...........#
#.##.## #.###########............
#.##.# #..).).......###..####.##
#.##.# #######.####.# #..# #.#
#.##.# #.# #.# #..# #.#


You could see a freezing wraith.

Vanquished Creatures
  A stone giant (D:9)
  An orc high priest (D:9)
  4 skeletal warriors (D:10)
  An unseen horror (D:10)
  A hill giant (D:10)
  A gargoyle (D:10)
  The ghost of Alipheese the Chopper, an amateur NaGl (D:4)
  2 trolls
  A two-headed ogre (D:8)
  A slime creature (D:9)
  4 blink frogs (Lair:1)
  A trapdoor spider zombie (D:10)
  4 yaks (Lair:1)
  A spriggan (D:8)
  2 wyverns (D:9)
  3 hippogriffs
  2 wargs (D:8)
  8 orc warriors
  A water moccasin (D:9)
  4 black bears
  2 ice beasts
  4 phantoms
  A porcupine (Lair:1)
  5 sky beasts
  3 ogres
  A necrophage (D:8)
  6 centaurs
  3 big kobolds
  A crocodile (Lair:1)
  8 giant frogs
  A gnoll sergeant (D:9)
  A wyvern skeleton (D:10)
  6 killer bees (D:10)
  3 scorpions
  4 crimson imps
  7 hounds
  A quasit (D:8)
  3 jellies
  Ijyb (D:3)
  2 centaur skeletons
  9 orc wizards
  2 giant frog skeletons
  7 iguanas
  3 worker ants
  5 orc priests
  A killer bee zombie (D:8)
  2 worker ant zombies
  6 gnolls (D:9)
  7 adders
  7 river rats (Lair:1)
  4 shadow imps
  3 oozes
  4 adder skeletons
  3 worms
  4 giant geckos
  35 orcs
  A ball python (D:1)
  9 bats
  4 giant cockroaches
  8 hobgoblins
  12 jackals
  6 quokkas
  A giant gecko skeleton (D:5)
  A giant gecko zombie (D:8)
  5 goblins
  16 kobolds
  A quokka skeleton (D:6)
  5 rats
278 creatures vanquished.

Vanquished Creatures (collateral kills)
  A hungry ghost (D:8)
  2 ogres
  Jessica (D:2)
  4 orcs
  A giant cockroach (D:3)
  A rat (D:3)
10 creatures vanquished.

Vanquished Creatures (others)
  A jackal (D:6)
  A quokka (D:6)
  7 bushes (D:9)
9 creatures vanquished.

Grand Total: 297 creatures vanquished

Notes
Turn   | Place    | Note
--------------------------------------------------------------
     0 | D:1      | Ijustatesigmund the Octopode Transmuter began the quest for the Orb.
     0 | D:1      | Reached XP level 1. HP: 13/13 MP: 3/3
    29 | D:1      | Reached skill level 1 in Stealth
   207 | D:1      | Reached XP level 2. HP: 16/18 MP: 5/5
   211 | D:1      | Learned a level 2 spell: Sticks to Snakes
   890 | D:2      | Reached skill level 1 in Short Blades
   919 | D:2      | Reached XP level 3. HP: 20/23 MP: 6/6
   924 | D:2      | Learned a level 3 spell: Spider Form
   995 | D:2      | Noticed Jessica
  1004 | D:2      | Killed Jessica
  1753 | D:3      | Reached skill level 1 in Poison Magic
  1753 | D:3      | Reached XP level 4. HP: 19/28 MP: 7/7
  2096 | D:3      | Noticed Ijyb
  2110 | D:3      | Killed Ijyb
  2110 | D:3      | Reached XP level 5. HP: 17/33 MP: 5/8
  2768 | D:4      | Found a burning altar of Makhleb.
  2773 | D:4      | Noticed an ogre
  2988 | D:4      | Reached skill level 4 in Stealth
  3359 | D:4      | Killed an ogre
  3359 | D:4      | Reached XP level 6. HP: 38/38 MP: 2/9
  3376 | D:5      | Entered Level 5 of the Dungeon
  3488 | D:5      | Got a shimmering hunting sling
  3489 | D:5      | Identified the +9 hunting sling of Zyuc {venom, rPois Str+3} (You found it on level 5 of the Dungeon)
  3518 | D:5      | Found a shimmering altar of Xom.
  3518 | D:5      | Found a snail-covered altar of Cheibriados.
  3518 | D:5      | Found a shadowy altar of Dithmenos.
  3518 | D:5      | Found an iron altar of Okawaru.
  3518 | D:5      | Found a bloodstained altar of Trog.
  3518 | D:5      | Found a sparkling altar of Nemelex Xobeh.
  3797 | D:5      | Reached skill level 1 in Slings
  4342 | D:4      | Noticed Alipheese's ghost (amateur NaGl)
  4363 | D:4      | Killed Alipheese's ghost
  4363 | D:4      | Reached skill level 6 in Stealth
  4363 | D:4      | Reached XP level 7. HP: 43/43 MP: 10/10
  4385 | D:4      | Found a radiant altar of Vehumet.
  4647 | D:5      | Found an ancient bone altar of Kikubaaqudgha.
  4700 | D:5      | Found a staircase to the Ecumenical Temple.
  4905 | D:5      | Identified the Tome of the Escort
  4917 | D:5      | Found Zedosm's Assorted Antiques.
  4968 | D:5      | Bought 2 metallic silvery potions for 39 gold pieces
  4968 | D:5      | Bought a scroll labeled YMODOWKE RYUSHE for 22 gold pieces
  4968 | D:5      | Bought a scroll of identify for 44 gold pieces
  5416 | D:5      | Became a worshipper of Cheibriados the Contemplative
  5445 | D:6      | Reached XP level 8. HP: 48/48 MP: 11/11
  5452 | D:6      | Learned a level 5 spell: Blade Hands
  5620 | D:6      | Reached skill level 1 in Invocations
  5635 | D:6      | Got an ancient steel ring
  5636 | D:6      | Identified the ring of the Cicada {+Fly rN+} (You found it on level 6 of the Dungeon)
  5664 | D:6      | Reached skill level 5 in Transmutations
  5799 | D:6      | You fall through a shaft for 2 floors!
  5812 | D:8      | Acquired Cheibriados's first power
  5919 | D:8      | Found a staircase to the Lair.
  6163 | D:8      | Reached skill level 5 in Slings
  6201 | D:8      | Reached XP level 9. HP: 49/57 MP: 12/12
  6631 | D:8      | Noticed a two-headed ogre
  6634 | D:8      | Killed a two-headed ogre
  6849 | D:8      | Reached skill level 5 in Fighting
  7002 | D:6      | Reached skill level 7 in Stealth
  7012 | D:6      | Found a white marble altar of Elyvilon.
  7029 | D:6      | Reached XP level 10. HP: 54/66 MP: 13/13
  7151 | D:6      | Reached skill level 5 in Dodging
  7270 | D:7      | Found a viscous altar of Jiyva.
  7282 | D:7      | Acquired Cheibriados's second power
  7691 | D:7      | Reached skill level 8 in Stealth
  8181 | D:9      | Reached skill level 5 in Invocations
  8218 | D:9      | Found a shattered altar of Ashenzari.
  8305 | D:9      | Acquired Cheibriados's third power
  8703 | D:9      | Found a staircase to the Orcish Mines.
  8942 | D:10     | Entered Level 10 of the Dungeon
  8987 | D:10     | Noticed a skeletal warrior
  9013 | D:10     | HP: 1/66 [something (11)]
  9026 | D:10     | HP: 1/66 [adder (3)]
  9333 | D:10     | Acquired Cheibriados's fourth power
  9337 | D:10     | Reached skill level 9 in Stealth
 10012 | D:9      | Reached XP level 11. HP: 39/71 MP: 15/15
 10451 | D:9      | Noticed an orc high priest
 10465 | D:9      | Killed an orc high priest
 10620 | Lair:1   | Entered Level 1 of the Lair of Beasts
 11138 | Lair:1   | Got a brightly glowing jade ring
 11339 | Lair:1   | Identified the ring "Loekhli" {*Confuse rPois Dex+4 Stlth+} (You found it on level 1 of the Lair of Beasts)
 11461 | D:10     | Noticed a hill giant
 11465 | D:10     | Killed a hill giant
 11465 | D:10     | Reached skill level 10 in Invocations
 11612 | D:10     | Noticed a skeletal warrior
 11612 | D:10     | Noticed a skeletal warrior
 11616 | D:10     | Noticed a skeletal warrior
 11640 | D:10     | Killed an unseen horror
 11932 | D:10     | Killed a skeletal warrior
 12106 | D:10     | Killed a skeletal warrior
 12254 | D:10     | Killed a skeletal warrior
 12287 | D:10     | Killed a skeletal warrior
 12287 | D:10     | Reached XP level 12. HP: 77/77 MP: 19/19
 12411 | D:10     | Found Beomaal's Assorted Antiques.
 12531 | D:10     | Found a sacrificial altar of Ru.
 12759 | D:9      | Noticed a stone giant
 12996 | D:10     | Reached skill level 1 in Evocations
 13054 | D:9      | Killed a stone giant
 13579 | D:9      | Slain by a freezing wraith

Vault maps used:
D:1:      eino_arrival_druids_welcome
D:2:      first_bread, uniq_jessica
D:3:      wad_lake_hut, serial_forest, infiniplex_forest_clump_diagonal,
          infiniplex_forest_clump_large, infiniplex_forest_clump_medium,
          infiniplex_forest_clump_cross, infiniplex_forest_straight_5,
          infiniplex_forest_lined_4_way, uniq_iyjb
D:4:      bloody_makhleb, nicolae_overflow_crystal_walls
D:5:      grunt_temple_overflow_open, tgw_xom, lemuel_coloured_pillars_altar,
          temple_statues, serial_shops, nicolae_shop_window_shopping,
          st_stairs_14, minmay_misc_feat_hallway
D:6:      elyvilon_altar_4
D:7:      jiyva_altar_1
D:8:      erik_lair_orcish_takeover, kennysheep_cross_bottleneck, the_bakery,
          moated_statue
D:9:      minmay_klotski, kennysheep_mini, david_orc_4
D:10:     serial_shops, shop_statue, minmay_misc_feat_chi,
          nicolae_ru_path_of_blood

Action                   |  1- 3 |  4- 6 |  7- 9 | 10-12 || total
-------------------------+-------+-------+-------+-------++-------
Melee: Short sword       |    42 |       |       |       ||    42
       Unarmed           |     2 |       |       |       ||     2
       Dagger            |    28 |    57 |       |       ||    85
 Fire: Hunting sling     |       |    12 |   197 |   499 ||   708
 Cast: Sticks to Snakes  |     3 |    35 |       |       ||    38
Invok: Bend Time         |       |       |       |     2 ||     2
       Slouch            |       |       |       |     1 ||     1
       Step From Time    |       |       |       |     1 ||     1
Evoke: Wand              |       |       |     1 |     7 ||     8
  Use: Scroll            |     5 |     7 |    13 |     9 ||    34
       Potion            |       |     2 |     1 |     7 ||    10
 Stab: Sleeping          |    12 |     4 |       |       ||    16
       Invisible         |       |     1 |       |       ||     1
       Distracted        |       |     1 |       |       ||     1
  Eat: Chunk             |     3 |     2 |     6 |     2 ||    13
       Bread ration      |       |     2 |       |     1 ||     3
       Beef jerky        |       |       |       |     1 ||     1
       Pizza             |       |       |       |     1 ||     1
